AoeStats
← xuxa

Fortress

509754383Analyzed
4v4 RM · 4d ago on Sep 27, 2026· 53m 45s· 8 players
Game mode
Random Map
Map size
Huge
Population
200
Speed
Normal
Resources
Standard
Victory
Conquest
Starting age
Dark Age
Ending age
Imperial Age
RankedLock teamsTeams togetherTeam positionsShared explorationLock speedFull tech treeHidden civsTurbo modeCheats
Victory
Defeat
🇪🇸 Magyars · Spain
1011
+17
1009
+17
🇮🇹 Mapuche · Italy
999
+18
🇪🇸 Varangians · Spain
985
+18
🇧🇷 Saxons · Brazil
1082
-20
🇲🇽 Bengalis · Mexico
1031
-17
🇧🇷 Huns · Brazil
1018
-17
🇻🇪 Vikings · Venezuela
1001
-16
munichbeerbar
1:30 Loom
6:19 Feudal Age
7:36 Wheelbarrow
6:49 Double-Bit Axe
6:47 Horse Collar
8:20 Gold Mining
15:46 Castle Age
15:51 Town Watch
16:02 Fletching
19:17 Hand Cart
20:25 Stone Mining
21:48 Bow Saw
22:21 Bodkin Arrow
26:04 Heavy Plow
26:34 Ballistics
28:01 Gold Shaft Mining
28:30 Bloodlines
28:21 Husbandry
32:58 Imperial Age
30:32 Town Patrol
30:54 Scale Barding Armor
31:24 Corvinian Army
32:15 Caravan
34:07 Parthian Tactics
33:06 Heavy Cavalry Archer
33:56 Bracer
35:04 Chemistry
34:08 Recurve Bow
35:42 Chain Barding Armor
35:04 Pikeman
38:26 Two-Man Saw
38:41 Conscription
39:15 Elite Magyar Huszar
42:19 Plate Barding Armor
47:01 Light Cavalry
47:44 Padded Archer Armor
48:07 Arson
52:12 Hussar
wallacebru
8:03 Feudal Age
13:00 Castle Age
11:33 Double-Bit Axe
12:28 Wheelbarrow
14:09 Scale Mail Armor
14:20 Forging
14:14 Horse Collar
18:09 Iron Casting
23:08 Chain Mail Armor
28:01 Imperial Age
27:34 Hand Cart
27:40 Herbal Medicine
29:17 Plate Mail Armor
32:34 Blast Furnace
32:02 Conscription
37:19 Elite Kona
38:49 Heavy Plow
39:08 Champi Runner
40:07 Champi Warrior
41:16 Pikeman
42:06 Gold Mining
44:18 Arson
44:27 Elite Champi Warrior
44:28 Halberdier
53:02 Butalmapu
53:58 Malon
Dani - Voy Fatal de Recursos
8:12 Feudal Age
11:26 Castle Age
9:14 Double-Bit Axe
17:36 Horse Collar
19:09 Loom
19:32 Gold Mining
22:07 Wheelbarrow
22:14 Bow Saw
23:03 Hand Cart
23:23 Stone Mining
24:12 Gold Shaft Mining
27:48 Imperial Age
28:24 Heavy Scorpion
30:17 Ballistics
30:57 Chemistry
29:29 Capped Ram
30:05 Elite Battle Elephant
30:21 Siege Ram
33:22 Siege Engineers
36:45 Double Crossbow
37:21 Bloodlines
37:12 Husbandry
37:55 Conscription
39:18 Caravan
40:26 Scale Barding Armor
40:32 Forging
40:41 Tusk Swords
47:06 Light Cavalry
48:04 Hussar
Elamb
9:48 Feudal Age
10:14 Double-Bit Axe
10:10 Horse Collar
12:36 Wheelbarrow
12:32 Gold Mining
15:38 Castle Age
17:08 Bow Saw
18:56 Heavy Plow
24:33 Imperial Age
21:53 Loom
24:20 Hand Cart
23:55 Town Watch
24:32 Bloodlines
24:32 Scale Barding Armor
26:23 Town Patrol
26:28 Husbandry
26:51 Conscription
29:27 Chain Barding Armor
29:18 Forging
28:59 Fletching
31:34 Two-Man Saw
32:28 Elite Jarl
33:51 Plate Barding Armor
33:51 Iron Casting
33:12 Bodkin Arrow
33:39 Caravan
35:54 Chemistry
35:06 Masonry
35:17 Ballistics
35:03 Siege Engineers
37:25 Blast Furnace
36:26 Bracer
37:05 Murder Holes
38:08 Capped Ram
41:44 Light Cavalry
49:35 Siege Ram
51:28 Squires
51:14 Gambesons
50:50 Pikeman
51:16 Arson
51:34 Padded Archer Armor
51:36 Scale Mail Armor
50:59 Vendel Legacy
xuxa
9:27 Feudal Age
13:23 Castle Age
11:12 Double-Bit Axe
11:09 Horse Collar
13:12 Gold Mining
15:37 Bow Saw
15:29 Heavy Plow
19:46 Wheelbarrow
18:59 Town Watch
19:01 Loom
23:23 Elite Skirmisher
24:44 Hand Cart
25:14 Squires
27:17 Town Patrol
28:51 Forging
28:41 Scale Mail Armor
30:57 Caravan
34:01 Imperial Age
33:47 Gold Shaft Mining
33:43 Gambesons
35:04 Conscription
35:49 Two-Man Saw
35:20 Crop Rotation
34:13 Elite Varangian Guard
34:58 Shield Wall
38:14 Iron Casting
37:54 Chain Mail Armor
37:30 Fletching
37:41 Padded Archer Armor
38:01 Capped Ram
40:26 Plate Mail Armor
40:46 Bodkin Arrow
42:43 Bracer
42:43 Padded Archer Armor
43:53 Hoardings
44:24 Leather Archer Armor
47:22 Ring Archer Armor
48:01 Siege Ram
49:40 Arson
50:05 Heavy Mounted Crossbowman
50:06 Cranequins
52:11 Siege Engineers
52:16 Masonry
53:07 Chemistry
52:28 Ballistics
Tersicox
7:26 Feudal Age
9:19 Double-Bit Axe
11:40 Castle Age
10:35 Loom
12:59 Bow Saw
22:01 Fletching
23:11 Bodkin Arrow
25:14 Gold Mining
29:47 Wheelbarrow
29:00 Horse Collar
30:47 Gold Shaft Mining
30:29 Heavy Plow
31:15 Ballistics
32:08 Husbandry
35:22 Imperial Age
33:21 Bloodlines
34:17 Padded Archer Armor
35:58 Leather Archer Armor
39:46 Imperial Age
38:31 Hand Cart
38:45 Town Watch
41:00 Bracer
41:30 Conscription
43:01 Crop Rotation
43:28 Ring Archer Armor
44:20 Two-Man Saw
42:47 Onager
47:18 Chemistry
46:24 Siege Engineers
48:28 Chemistry
the King
1:19 Loom
8:38 Feudal Age
15:20 Castle Age
13:17 Double-Bit Axe
13:30 Horse Collar
14:42 Man-at-Arms
16:40 Forging
16:31 Scale Mail Armor
16:47 Long Swordsman
21:06 Chain Mail Armor
23:09 Pikeman
23:52 Squires
26:45 Iron Casting
29:16 Imperial Age
27:20 Heavy Plow
28:29 Bow Saw
29:25 Arson
31:01 Blast Furnace
30:32 Plate Mail Armor
29:46 Two-Handed Swordsman
29:53 Capped Ram
31:38 Champion
40:36 Siege Ram
42:03 Onager
42:55 Siege Engineers
43:51 Chemistry
Bollzin
8:16 Feudal Age
12:55 Castle Age
10:50 Double-Bit Axe
10:48 Horse Collar
14:19 Heavy Plow
14:31 Bow Saw
18:36 Loom
25:51 Imperial Age
23:31 Scale Barding Armor
26:49 Chain Barding Armor
26:40 Forging
27:27 Cavalier
28:08 Husbandry
28:18 Bloodlines
29:03 Plate Barding Armor
29:04 Iron Casting
29:20 Wheelbarrow
29:16 Caravan
29:47 Coinage
29:27 Guilds
30:25 Paladin
33:05 Banking
35:23 Blast Furnace
35:00 Hand Cart
34:58 Masonry
35:09 Ballistics
34:54 Fletching
35:04 Padded Archer Armor
35:04 Scale Mail Armor
37:28 Marauders
38:58 Sanctity
38:39 Devotion
45:21 Bodkin Arrow
46:17 Murder Holes
45:55 Elite Tarkan
50:17 Chemistry
53:10 Two-Man Saw
Connection lost

Rejoining the realm…

Still unreachable

The connection could not be restored.

Session expired

The server has moved on; the page needs a fresh start.